 Dungeon Crawl Stone Soup version 0.29.1-2-gbd0b4ee654 (webtiles) character file.

Game seed: 16951245056774839165

24 qeuew the Shooter (level 3, 22/22 HPs)
             Began as a Kobold Hunter on Nov 15, 2022.
             Quit the game on level 1 of the Dungeon.
             The game lasted 00:00:30 (930 turns).

qeuew the Shooter (Kobold Hunter)                    Turns: 930, Time: 00:00:31

Health: 22/22      AC:  3    Str:  8    XL:     3   Next: 15%
Magic:  3/3        EV: 15    Int: 10    God:
Gold:   78         SH:  0    Dex: 20    Spells: 2/2 levels left

rFire   . . .      SeeInvis .   a - +0 shortbow
rCold   . . .      Faith    .   (shield currently unavailable)
rNeg    . . .      Spirit   .   c - +0 leather armour
rPois   .          Reflect  .   (no helmet)
rElec   .          Harm     .   (no cloak)
rCorr   .          Rampage  .   (no gloves)
Will    .....                   (no boots)
Stlth   +++.......              (no amulet)
HPRegen 0.07/turn               (no ring)
MPRegen 0.08/turn               (no ring)

@: no status effects
A: small, no large weapons, nightstalker 3
a: no special abilities


You were on level 1 of the Dungeon.
You visited 1 branch of the dungeon, and saw 1 of its levels.

You collected 78 gold pieces.

Inventory:

Hand Weapons
 a - a +0 shortbow (weapon)
Armour
 c - a +0 leather armour (worn)
Scrolls
 b - a scroll of immolation
 e - a scroll of blinking {unknown}
 f - a scroll of acquirement {unknown}
 g - a scroll of enchant armour {unknown}
 h - a scroll of amnesia {unknown}
Potions
 d - a potion of might {unknown}
 i - 2 potions of curing {unknown}
 j - a potion of heal wounds {unknown}


   Skills:
 + Level 2.5 Fighting
 + Level 5.5 Ranged Weapons
 + Level 0.6 Armour
 + Level 2.8 Dodging
 + Level 2.1 Stealth


You had 2 spell levels left.
You didn't know any spells.
Your spell library was empty.

Dungeon Overview and Level Annotations

Branches:
Dungeon (1/15)

Altars:


Innate Abilities, Weirdness & Mutations

You are small and have problems with some larger weapons.
You are completely attuned to the shadows.


Message History

Fire: a) +0 shortbow
Press: ? - help, Q - select action Shift-Dir - straight line, f/p - gnoll
Aim: a gnoll, wielding a +0 club (almost dead, 68% to hit)
You shoot an arrow. The arrow barely misses the gnoll.
The gnoll misses you. The gnoll closely misses you.
Unknown command.
Fire: a) +0 shortbow
Press: ? - help, Q - select action Shift-Dir - straight line, f/p - gnoll
Aim: a gnoll, wielding a +0 club (almost dead, 68% to hit)
You shoot an arrow. The arrow hits the gnoll.
You kill the gnoll!
Your Stealth skill increases to level 2!
You have reached level 3!
Your experience leads to an increase in your attributes!
Increase (S)trength, (I)ntelligence, or (D)exterity?
You feel agile. x2
Things that are here:
a +0 club; a gnoll corpse You now have 78 gold pieces (gained 15).
Found a stone staircase leading down.
No target in view!
A giant cockroach comes into view.
You shoot an arrow. The arrow hits the giant cockroach!
You kill the giant cockroach!
Found a stone staircase leading down.
No target in view!
There is a stone staircase leading down here.
i - 2 dark potions;
j - a black potion No target in view!
You see here a +0 club.
You see here a +0 club.
Key pressed, stopping explore.
No target in view!
Partly explored, can't reach some places.
No target in view!
Partly explored, can't reach some places.
No target in view!
Partly explored, can't reach some places.
No target in view!
Are you sure you want to abandon this character and quit the game? (Confirm with "yes".)

###≈≈#.#..#..#.#≈≈##.##....
#≈≈#.#..#..#.#≈≈##.######
#≈≈#.#.....#.#≈≈##.# #..
#≈##'###'###'##≈##.# #.#
#..'.....+..#≈##.# #.#
#<.#######.⌠#≈##.# #.#
####≈≈≈≈≈####≈##.####.#
≈≈≈≈≈≈≈≈≈≈≈≈##....... #@#
#.........).# #.#
#.########### #.# #.#
#.####.# #......# ########


There were no monsters in sight!

Vanquished Creatures
  A gnoll (D:1)
  A bat (D:1)
  A giant cockroach (D:1)
  3 goblins (D:1)
  A hobgoblin (D:1)
  3 quokkas (D:1)
  2 ball pythons (D:1)
  2 rats (D:1)
14 creatures vanquished.

Notes
Turn   | Place    | Note
-------+----------+-------------------------------------------
     0 | D:1      | qeuew the Kobold Hunter began the quest for the Orb.
     0 | D:1      | Reached XP level 1. HP: 12/12 MP: 1/1
    84 | D:1      | Reached XP level 2. HP: 18/18 MP: 2/2
   471 | D:1      | Reached XP level 3. HP: 11/22 MP: 3/3
   930 | D:1      | Quit the game

Illustrated notes

Levels and vault maps discovered:
D:1:      heliophobic_arrival_glass_houses, layout_loops_ring

Skill      XL: |  1  2 |
---------------+-------+-----
Stealth        | 2 |  2.1
Fighting       | |  2.5
Ranged Weapons | |  5.5
Armour         | |  0.6
Dodging        | |  2.8

Action                   || total
-------------------------++-------
 Fire: Shortbow          ||    43
Armor: Leather armour    ||     4
Dodge: Dodged            ||    19
